 Dungeon Crawl Stone Soup version 0.28-a0-828-g0121872642 (webtiles) character file.

Game seed: 5192002903901068746

84 iamoutofideas the Grave Robber (level 4, 10/30 HPs)
             Began as a Demonspawn Necromancer on Nov 10, 2021.
             Quit the game on level 3 of the Dungeon.
             The game lasted 00:01:57 (2701 turns).

iamoutofideas the Grave Robber (DsNe)               Turns: 2701, Time: 00:01:57

Health: 10/30      AC:  8    Str:  9    XL:     4   Next: 23%
Magic:  1/8        EV: 12    Int: 17    God:
Gold:   22         SH:  0    Dex: 13    Spells: 2/8 levels left

rFire   . . .      SeeInvis .   (no weapon)
rCold   . . .      Faith    .   (no shield)
rNeg    . . .      Spirit   .   a - +0 robe
rPois   .          Reflect  .   (no helmet)
rElec   .          Harm     .   (no cloak)
rCorr   .          Rampage  .   (no gloves)
Will    .....                   (no boots)
Stlth   +.........              (no amulet)
HPRegen 0.10/turn               (no ring)
MPRegen 0.11/turn               (no ring)

@: sanguine armoured, very slow
A: claws 1, sanguine armour 1
a: no special abilities


You were on level 3 of the Dungeon.
You visited 1 branch of the dungeon, and saw 3 of its levels.

You collected 112 gold pieces.
You spent 90 gold pieces at shops.

Inventory:

Missiles
 i - 3 curare-tipped darts
Armour
 a - a +0 robe (worn)
Jewellery
 h - a ring of resist corrosion
Scrolls
 d - a scroll of noise {unknown}
 e - a scroll of identify {unknown}
 g - a scroll of enchant weapon {unknown}
Potions
 b - a potion of attraction {unknown}
 c - a potion of haste {unknown}
 f - a potion of cancellation {unknown}
 j - a potion of curing


   Skills:
 + Level 2.4 Dodging
 + Level 1.8 Stealth
 + Level 0.2 Unarmed Combat
 + Level 2.7 Spellcasting
 + Level 5.4 Necromancy


You had 2 spell levels left.
You knew the following spells:

 Your Spells              Type           Power      Damage    Failure   Level
a - Pain                  Necr           80%        1d8       1%          1
b - Animate Skeleton      Necr           40%        N/A       1%          1
c - Vampiric Draining     Necr           20%        2d7       6%          3
d - Magic Dart            Conj           8%         1d3       19%         1

Your spell library contained the following spells:

 Spells                   Type           Power      Damage    Failure   Level
 Searing Ray              Conj           4%         2d4       26%         2
 Animate Dead             Necr           10%        N/A       19%         4
 Agony                    Necr           20%        N/A       47%         5
 Fulminant Prism          Conj/Hex       1%         3d6       87%         4


Dungeon Overview and Level Annotations

Branches:
Dungeon (3/15)

Altars:
Zin


Innate Abilities, Weirdness & Mutations

You have sharp fingernails.
When seriously injured, your bleeding wounds create armour. (AC +6)


Message History

The adder bites you but does no damage. The adder barely misses you.
Casting: Pain (safe; 1% risk of failure)
Confirm with . or Enter, or press ? or * to list all spells.
Aiming: Pain (safe; 1% risk of failure)
Press: ? - help, Shift-Dir - straight line, f/p - adder
Aim: an adder (almost dead, chance to affect: 85%)
The adder writhes in agony.
You kill the adder!
You feel sick.
You are no longer poisoned.
The ball python barely misses you. The ball python misses you.
Unknown command.
A ball python is nearby!
A ball python is nearby!
A ball python is nearby!
The ball python bites you. The ball python closely misses you.
The ball python bites you but does no damage.
The ball python grabs you. The ball python constricts you.
The ball python closely misses you. The ball python constricts you.
The ball python misses you. The ball python constricts you.
The ball python bites you but does no damage.
The ball python constricts you. The ball python barely misses you.
The ball python constricts you. The ball python barely misses you.
The ball python constricts you.
Casting: Pain (safe; 1% risk of failure)
Confirm with . or Enter, or press ? or * to list all spells.
Aiming: Pain (safe; 1% risk of failure)
Press: ? - help, Shift-Dir - straight line, f - ball python
Aim: a ball python (constricting you, chance to affect: 90%)
The ball python writhes in agony.
The ball python bites you but does no damage.
The ball python constricts you.
Unknown command.
Unknown command.
A ball python is nearby!
You are too injured to fight recklessly!
You are too injured to fight recklessly!
You scratch the ball python.
You kill the ball python!
Are you sure you want to abandon this character and quit the game? (Confirm with "yes".)

##.##⌠##.#########
....###..........#
##..........####.
...##.##.##.#
#........##.#
#.##.#...##.#
#.###.#####.#
#.......###.###+##
#.###<.......#♣≈@♣#
+ ########.#≈♣♣≈♣#
≈# ≈≈≈≈≈≈≈#.#
#♣≈♣≈♣ .........#
#♣≈≈≈♣
≈≈≈≈≈≈≈#.##♣≈♣≈♣#
########..#≈♣#♣†♣
#..'P♣ ♣≈≈ ##.##≈≈♣
#+# #.# ###


There were no monsters in sight!

Vanquished Creatures
  An iguana (D:2)
  3 adders
  A dart slug (D:1)
  9 ball pythons
  2 bats (D:1)
  An endoplasm (D:2)
  A giant cockroach (D:1)
  2 goblins
  5 hobgoblins
  2 quokkas (D:2)
  2 frilled lizards
  A kobold (D:2)
  A rat (D:1)
31 creatures vanquished.

Vanquished Creatures (others)
  A plant (D:1)
1 creature vanquished.

Grand Total: 32 creatures vanquished

Notes
Turn   | Place    | Note
-------+----------+-------------------------------------------
     0 | D:1      | iamoutofideas the Demonspawn Necromancer began the quest
                  | for the Orb.
     0 | D:1      | Reached XP level 1. HP: 13/13 MP: 3/3
   730 | D:1      | Gained mutation: When seriously injured, your bleeding
                  | wounds create armour. (AC +6) [demonic ancestry]
   730 | D:1      | Reached XP level 2. HP: 17/19 MP: 3/5
  1030 | D:1      | Reached skill level 5 in Necromancy
  1517 | D:1      | Found a faded altar of an unknown god.
  1556 | D:2      | Gained mutation: You have sharp fingernails. [demonic
                  | ancestry]
  1556 | D:2      | Reached XP level 3. HP: 20/24 MP: 1/6
  1853 | D:2      | Learned a level 1 spell: Animate Skeleton
  1857 | D:2      | Learned a level 3 spell: Vampiric Draining
  1859 | D:2      | Learned a level 1 spell: Magic Dart
  2611 | D:3      | Found Zin's Purification Station.
  2617 | D:3      | Bought a potion of curing for 90 gold pieces
  2646 | D:3      | Reached XP level 4. HP: 28/30 MP: 4/8
  2701 | D:3      | Quit the game

Illustrated notes

Levels and vault maps discovered:
D:1:      tarquinn_simple_flora_water_a, layout_basic,
          shapermc_ecumenical_altar_hornbeckon, minmay_shallow_snake_nest
D:2:      layout_loops_corners, corexii_corridor_pit, minmay_ruptured
D:3:      layout_loops_cross, nicolae_ru_awakened_eye, zin_purify,
          mainiacjoe_overflow_24_doors, ebering_ghost_reflecting_pool,
          amcnicky_mini_rare_corridor_liquid, corexii_corridor_pit,
          saegor_snake_ambush

Skill      XL: |  1  2 |
---------------+-------+-----
Necromancy     | 5 |  5.4
Dodging        | 2 |  2.4
Stealth        | |  1.8
Unarmed Combat | |  0.2
Spellcasting   | |  2.7

Action                   |  1- 3 |  4- 6 || total
-------------------------+-------+-------++-------
Melee: Unarmed           |    26 |     1 ||    27
 Cast: Pain              |    52 |     9 ||    61
Armor: Robe              |    10 |     6 ||    16
Dodge: Dodged            |    33 |    12 ||    45

Table legend: (Time is in decaauts)
 A = Elapsed time spent in this place.
 B = Non-inter-level travel time spent in this place.
 C = Inter-level travel time spent in this place.
 D = Time resting spent in this place.
 E = Time spent auto-exploring this place.
 F = Levels seen in this place.
 G = Mean time per level.
                   A        B        C        D        E       F      G
               +--------+--------+--------+--------+--------+-----+--------+
         Total |   2713 |   2657 |     56 |    276 |   2169 |   3 |  904.3 |
       Dungeon |   2713 |   2657 |     56 |    276 |   2169 |   3 |  904.3 |
               +--------+--------+--------+--------+--------+-----+--------+

Top non-repeatable levels by time:
     D:1: 1543 daAuts
     D:2: 1066 daAuts
     D:3: 103 daAuts
